cohdb
Replays
Latest Replays
All Replays
Popular Replays
Top Player Replays
Match Explorer
How It Works
Community
CoH3 Stats
Reddit
Sign in to upload your games and track your stats! →
Sign in with Steam
Match 44079665
Unlisted
Match 44079665
Overview
Messages
Build Orders
End
Panzergrenadier Squad
Panzergrenadier Squad
Panzergrenadier Squad
Construct Light Support Kompanie
Fire Support Elements
Veteran Squad Leaders
Forward Retreat Point
2.5-tonne Medical Truck
Pak 38 Mechanized Group
Combat Half-tracks
Construct Panzerarmee Kommand
Tungsten Core Ammunition
Selects Panzerjäger Kommand Battlegroup
Selects Tank Busters
Selects Crew Shock Tactics
Selects Anti-tank Overwatch
Selects Mine Fields
Rapid Advance
Armored Reserves
Advanced Optics
Tiger Heavy Tank
Anti-tank Overwatch
Advanced Field Repairs
Vehicle Survival Package
Emergency Repair Kits
Anti-tank Overwatch
Panzer IV Assault Group
Anti-tank Overwatch
Panzer IV Assault Group
Anti-tank Overwatch
Panzerpioneer Squad
Panzerpioneer Squad
MuniekPL
Papa Shango
Husar
Puszysty Zwirz
Meridian
Biggie
SMOKEYBEAR
Ratimax
0
0
Comments
sign in to comment!
No comments posted yet!